 Dungeon Sprint DCSS version 0.30.1-1-g62c8e00024 (webtiles) character file.

Game seed: 13890771987439054318

60106 boopmooplesden the Slayer (level 14, -4/146 HPs)
             Began as a Demonspawn Gladiator on July 15, 2023.
             Was the Champion of Trog.
             Slain by a yaktaur captain (16 damage)
             ... in the Dungeon (Sprint IX: "|||||||||||||||||||||||||||||").
             The game lasted 00:11:21 (3534 turns).

boopmooplesden the Slayer (Demonspawn Gladiator)    Turns: 3534, Time: 00:11:22

Health: -4/146     AC: 26    Str: 24    XL:     14   Next: 55%
Magic:  14/14      EV: 14    Int:  9    God:    Trog [******]
Gold:   1064       SH:  0    Dex: 20    Spells: 13/13 levels left

rFire   . . .        y - +9 quarterstaff "Zinwitukk" {heavy, rElec Dex+4}
rCold   . . .        (shield currently unavailable)
rNeg    + . .        p - +4 plate armour
rPois   +            A - +1 hat of Honour {Rampage rN+ Str+2}
rElec   +            C - +2 cloak
rCorr   .            D - +3 pair of gloves "Eris" {rElec rPois Regen+}
SInv    .            v - +0 pair of boots
Will    +....        (no amulet) Stlth
                     q - +3 ring of strength
HPRegen 1.24/turn    r - +2 ring of protection
MPRegen 0.14/turn

%: no teleportation, rampage
@: afraid, marked, corroded, on berserk cooldown, slowed, very slow
A: demonic guardian 2, powered by death 1, sharp scales 2, demonic touch 2
a: Renounce Religion, Berserk, Trog's Hand, Brothers in Arms


You were in the Dungeon.
You worshipped Trog.
Trog was exalted by your worship.
You visited 1 branch You collected 1549 gold pieces.
You spent 485 gold pieces at shops.

Inventory:

Hand Weapons
 a - a +0 quarterstaff
 m - a +4 lajatang
 x - a -1 glaive of venom
 y - the +9 quarterstaff "Zinwitukk" (weapon) {heavy, rElec Dex+4}
   (Trog gifted it to you in the Dungeon)

   Dex:       It affects your dexterity (+4).
   rElec:     It insulates you from electricity.
 z - a +6 quarterstaff of flaming
 F - the +3 great sword "Xugam" {flame, Dex+3}
   (Trog gifted it to you in the Dungeon)

   Dex:       It affects your dexterity (+3).
Missiles
 d - 3 throwing nets (quivered)
 e - a javelin
Armour
 b - the +3 hat of Pondering {ponderous, Will+ MP+10 Int+5}
   (You took it off Gastronok in the Dungeon)

   Int:       It affects your intelligence (+5).
   MP:        It affects your magic capacity (+10).
   Will:      It increases your willpower.
 p - a +4 plate armour (worn)
 v - a +0 pair of boots (worn)
 A - the +1 hat of Honour (worn) {Rampage rN+ Str+2}
   (You bought it in a shop in the Dungeon)

   Str:       It affects your strength (+2).
   rN:        It protects you from negative energy.
   Rampage:   It bestows one free step when moving towards enemies.
 B - a +0 pair of gloves of strength
 C - a +2 cloak (worn)
 D - the +3 pair of gloves "Eris" (worn) {rElec rPois Regen+}
   (You found it in the Dungeon)

   rElec:     It insulates you from electricity.
   rPois:     It protects you from poison.
   Regen:     It increases your rate of health regeneration.
Jewellery
 c - a ring of ice
 n - a +5 ring of evasion
 o - a ring of ice
 q - a +3 ring of strength (left hand)
 r - a +2 ring of protection (right hand)
 w - a ring of protection from fire
Wands
 g - a wand of polymorph (16)
 l - a wand of light (10)
Scrolls
 k - 4 scrolls of blinking
 t - a scroll of fear
 u - 3 scrolls of identify
Potions
 f - 8 potions of curing
 h - 2 potions of haste
 i - 5 potions of magic
 j - a potion of invisibility
 s - 2 potions of might
 E - a potion of berserk rage


   Skills:
 + Level 24.6 Fighting
 + Level 22.3 Staves
 + Level 4.8 Throwing
 + Level 18.7 Armour
 + Level 10.1 Dodging
 + Level 3.3 Stealth


You had 13 spell levels left.
You didn't know any spells.
Your spell library was empty.

Dungeon Overview and Level Annotations

Branches:
Dungeon (1/1)

Altars:
Cheibriados
Dithmenos
Fedhas
Gozag
Hepliaklqana
Kikubaaqudgha
Makhleb
Nemelex Xobeh
Okawaru
Qazlal
Ru
Sif Muna
Trog
Uskayaw
Vehumet
Wu Jian
Xom
Yredelemnul
Jiyva
Lugonu

Shops:
D :[![


Innate Abilities, Weirdness & Mutations

A demonic guardian rushes to your aid.
You regenerate a little health from kills.
You are mostly covered in razor-sharp scales. (AC +2, Slay +2)
Your touch may inflict irresistible damage on your foes.


Message History

The great orb of eyes is almost dead.
Your hellwing hits the very ugly thing simulacrum!
Your hellwing completely misses the very ugly thing simulacrum.
The great orb of eyes gazes at you. You resist with significant effort.
The very ugly thing simulacrum hits your hellwing!
The very ugly thing simulacrum freezes your hellwing!!!
Your hellwing dies!
Your hellwing disappears in a puff of smoke!
The great orb of eyes gazes at you.
You struggle to resist.
You sock the great orb of eyes!
The great orb of eyes is almost dead.
The very ugly thing simulacrum hits you but does no damage.
The great orb of eyes completely misses you.
The ironbound preserver casts a spell.
The ironbound preserver begins to accept its allies' injuries.
The necromancer gestures wildly while chanting.
The necromancer binds the souls of nearby monsters.
You splatter the great orb of eyes into a gooey mess!!!
You kill the great orb of eyes!
Trog accepts your kill.
A freezing mist starts to gather...
A great orb of eyes simulacrum comes into view.
The yaktaur captain's soul is no longer bound.
The ironbound preserver's soul is no longer bound.
The very ugly thing simulacrum hits you but does no damage.
The glowing orange brain pulsates.
You feel better.
The ironbound preserver's soul is no longer bound.
The ironbound preserver gestures wildly while chanting.
The ironbound preserver begins to accept its allies' injuries.
The very ugly thing simulacrum closely misses you.
The very ugly thing simulacrum hits you!
* * * LOW HITPOINT WARNING * * *
The very ugly thing simulacrum freezes you!!
* * * LOW HITPOINT WARNING * * *
Your troll goes berserk!
The yaktaur captain hits you!
You die...

.▓.▓.▓.▓.▓.♣)♣.▓.▓
.▓.▓.▓.▓.▓.▓'▓.▓.▓
.▓.▓.▓.▓.▓.▓.▓.▓'▓
.▓.▓.▓.▓.▓.▓.▓.▓)▓
.▓.▓.▓.▓.▓.▓.▓.▓[▓
.▓)▓[▓.▓.▓.▓)▓.▓)▓
)▓.▓)▓.▓.▓.▓.▓.▓T▓
†▓.▓[▓.▓)▓.▓.▓.▓Z▓
.▓.▓.▓.▓†▓.▓.▓.▓@▓
.▓.▓.▓.▓†▓.▓.▓.▓c▓
.▓.▓.▓.▓.▓.▓.▓)▓p▓
.▓.▓.▓.▓)▓.▓'▓.▓Z▓
.▓.▓∩▓.▓)▓.▓(▓.▓p▓
.▓.▓)▓.▓(▓.▓)▓.▓G▓
.▓.▓∩▓.▓†▓.▓†▓.▓p▓
.▓.▓.▓.▓.▓.▓†▓.▓p▓
)▓.▓∩▓.▓(▓.▓)▓.▓


You could see 3 ironbound preservers, a yaktaur captain (sheltered), a glowing
orange brain (scary), a necromancer, a great orb of eyes simulacrum (sheltered),
a very ugly thing simulacrum (sheltered, ally target) and a friendly troll
(summoned, berserk).

Vanquished Creatures
  A lich (D)
  Gastronok (D)
  Donald (D)
  A fire giant (D)
  A frost giant (D)
  A vault warden (D)
  An emperor scorpion (D)
  An ironbound preserver (D)
  An orc warlord (D)
  3 very ugly things (D)
  2 vampire knights (D)
  3 stone giants (D)
  2 spark wasps (D)
  A great orb of eyes (D)
  Erolcha (D)
  2 fire dragons (D)
  A hydra (D)
  An entropy weaver (D)
  3 ogre magi (D)
  An ironbound frostheart (D)
  A ghost crab (D)
  2 centaur warriors (D)
  A naga warrior (D)
  A tengu warrior (D)
  A boulder beetle (D)
  3 deep troll shamans (D)
  An alligator snapping turtle (D)
  A spriggan berserker (D)
  A naga sharpshooter (D)
  2 deep troll earth magi (D)
  An orc high priest (D)
  2 skysharks (D)
  2 pharaoh ants (D)
  2 spriggan druids (D)
  3 sea snakes (D)
  4 deep trolls (D)
  A glowing orange brain (D)
  An ironbound convoker (D)
  A steelbarb worm (D)
  A mana viper (D)
  A necromancer (D)
  3 orc knights (D)
  4 ugly things (D)
  A wolf spider (D)
  2 orc sorcerers (D)
  A moth of wrath (D)
  2 manticores (D)
  A cyclops (D)
  2 black mambas (D)
  An elephant (D)
  A demonic crawler (D)
  A vault sentinel (D)
  A naga mage (D)
  A guardian serpent (D)
  3 cane toads (D)
  A rime drake (D)
  2 komodo dragons (D)
  An unseen horror (D)
  Psyche (D)
  A komodo dragon (shapeshifter) (D)
  2 kobold demonologists (D)
  2 merfolk (D)
  A polar bear (D)
  A merfolk (shapeshifter) (D)
  A tyrant leech (D)
  4 trolls (D)
  A tarantella (D)
  A wind drake (D)
  3 slime creatures (D)
  Eustachio (D)
  A wyvern (D)
  Grum (D)
  A yak (D)
  A redback (D)
  A naga (D)
  2 wargs (D)
  A water moccasin (D)
  2 hell hounds (D)
  10 orc warriors (D)
  2 ogres (D)
  8 wolves (D)
  2 bullfrogs (D)
  A scorpion (D)
  A howler monkey (D)
  An orc priest (D)
  6 orc wizards (D)
  A gnoll (D)
  2 dart slugs (D)
  An orc (D)
  2 hobgoblins (D)
  2 rats (D)
158 creatures vanquished.

Vanquished Creatures (collateral kills)
  A stone giant (D)
  An eleionoma (D)
  A deep troll (D)
  A cane toad (D)
  3 trolls (D)
  A water moccasin (D)
  A centaur (D)
9 creatures vanquished.

Vanquished Creatures (others)
  A boulder beetle (D)
  2 goliath frogs (D)
  2 spriggan druids (D)
  A guardian serpent (D)
  2 orcs (D)
8 creatures vanquished.

Grand Total: 175 creatures vanquished

Notes
Turn   | Place    | Note
-------+----------+-------------------------------------------
     0 | D        | boopmooplesden the Demonspawn Gladiator began the quest for
                  | the Orb.
     0 | D        | Reached XP level 1. HP: 16/16 MP: 1/1
    24 | D        | Noticed a scorpion
    24 | D        | Noticed an ogre
    24 | D        | Noticed an ogre
    34 | D        | Killed a scorpion
    35 | D        | Reached skill level 3 in Fighting
    35 | D        | Reached skill level 5 in Staves
    35 | D        | Gained mutation: Your touch may inflict minor irresistible
                  | damage on your foes. [demonic ancestry]
    35 | D        | Reached XP level 2. HP: 24/24 MP: 2/2
    35 | D        | Reached XP level 3. HP: 29/29 MP: 3/3
    38 | D        | Killed an ogre
    39 | D        | Reached skill level 4 in Fighting
    39 | D        | Gained mutation: You regenerate a little health from kills.
                  | [demonic ancestry]
    39 | D        | Reached XP level 4. HP: 26/37 MP: 4/4
    39 | D        | Reached XP level 5. HP: 30/42 MP: 5/5
    47 | D        | Killed an ogre
    48 | D        | Reached skill level 1 in Armour
    76 | D        | Found a snail-covered altar of Cheibriados.
    76 | D        | Found a shadowy altar of Dithmenos.
    76 | D        | Found a blossoming altar of Fedhas.
    76 | D        | Found an opulent altar of Gozag.
    77 | D        | Found a hazy altar of Hepliaklqana.
    78 | D        | Found a viscous altar of Jiyva.
    79 | D        | Found an ancient bone altar of Kikubaaqudgha.
    80 | D        | Found a corrupted altar of Lugonu.
    81 | D        | Found a burning altar of Makhleb.
    82 | D        | Found a sparkling altar of Nemelex Xobeh.
    83 | D        | Found an iron altar of Okawaru.
    84 | D        | Found a stormy altar of Qazlal.
    85 | D        | Found a sacrificial altar of Ru.
    86 | D        | Found a shimmering blue altar of Sif Muna.
    87 | D        | Found a bloodstained altar of Trog.
    88 | D        | Found a hide-covered altar of Uskayaw.
    89 | D        | Found a radiant altar of Vehumet.
    90 | D        | Found an ornate altar of the Wu Jian Council.
    91 | D        | Found a shimmering altar of Xom.
    92 | D        | Found a basalt altar of Yredelemnul.
    95 | D        | Became a worshipper of Trog the Wrathful
   192 | D        | Noticed a kobold demonologist
   192 | D        | Noticed an orc warrior
   192 | D        | Noticed a troll
   192 | D        | Noticed a wyvern
   202 | D        | Killed a kobold demonologist
   203 | D        | Reached skill level 5 in Fighting
   203 | D        | Gained mutation: A weak demonic guardian rushes to your
                  | aid. [demonic ancestry]
   203 | D        | Reached XP level 6. HP: 35/52 MP: 6/6
   210 | D        | Killed an orc warrior
   210 | D        | Reached * piety under Trog
   211 | D        | Reached skill level 6 in Fighting
   211 | D        | Reached XP level 7. HP: 24/58 MP: 7/7
   215 | D        | Killed a troll
   216 | D        | Reached skill level 10 in Staves
   219 | D        | Reached ** piety under Trog
   220 | D        | Reached skill level 7 in Fighting
   223 | D        | Killed a wyvern
   230 | D        | Killed an unseen horror
   231 | D        | Gained mutation: You are partially covered in razor-sharp
                  | scales. (AC +1, Slay +1) [demonic ancestry]
   231 | D        | Reached XP level 8. HP: 50/68 MP: 8/8
   409 | D        | Noticed a kobold demonologist
   409 | D        | Noticed a centaur warrior
   409 | D        | Noticed a boulder beetle
   409 | D        | Noticed a slime creature
   415 | D        | Noticed an ice devil
   416 | D        | Killed a kobold demonologist
   417 | D        | Reached skill level 8 in Fighting
   426 | D        | Killed a centaur warrior
   426 | D        | Reached *** piety under Trog
   427 | D        | Reached skill level 9 in Fighting
   427 | D        | Gained mutation: A demonic guardian rushes to your aid.
                  | [demonic ancestry]
   427 | D        | Reached XP level 9. HP: 77/77 MP: 9/9
   442 | D        | HP: 1/77 [boulder beetle (17)]
   444 | D        | Killed a boulder beetle
   445 | D        | Reached skill level 10 in Fighting
   445 | D        | Reached skill level 5 in Armour
   593 | D        | Noticed a komodo dragon
   593 | D        | Noticed a komodo dragon
   595 | D        | Noticed a cane toad
   600 | D        | Reached **** piety under Trog
   603 | D        | Killed a komodo dragon
   608 | D        | Noticed a skyshark
   609 | D        | Killed a komodo dragon
   611 | D        | Reached skill level 11 in Fighting
   620 | D        | Killed a cane toad
   620 | D        | Reached ***** piety under Trog
   621 | D        | Reached skill level 15 in Staves
   621 | D        | Gained mutation: You are mostly covered in razor-sharp
                  | scales. (AC +2, Slay +2) [demonic ancestry]
   621 | D        | Reached XP level 10. HP: 64/88 MP: 10/10
   627 | D        | Killed a skyshark
   774 | D        | Noticed an elephant
   774 | D        | Noticed a cane toad
   774 | D        | Noticed a cane toad
   778 | D        | Noticed a skyshark
   779 | D        | Noticed a cane toad
   795 | D        | Killed an elephant
   796 | D        | Reached skill level 12 in Fighting
   800 | D        | Killed a cane toad
   803 | D        | HP: 3/90 [poisoned by a cane toad]
   807 | D        | Killed a cane toad
   809 | D        | Received a gift from Trog
   814 | D        | Killed a skyshark
   815 | D        | Reached skill level 1 in Stealth
   819 | D        | Killed a cane toad
   820 | D        | Reached skill level 13 in Fighting
  1077 | D        | Reached ****** piety under Trog
  1085 | D        | Received a gift from Trog
  1101 | D        | Reached XP level 11. HP: 94/98 MP: 11/11
  1146 | D        | Noticed Psyche
  1156 | D        | Killed Psyche
  1178 | D        | Noticed Eustachio
  1184 | D        | Killed Eustachio
  1202 | D        | Noticed Grum
  1210 | D        | Killed Grum
  1259 | D        | Noticed an orc knight
  1260 | D        | Identified the +3 short sword of Jonuedau {flame, rPois
                  | Will+} (Trog gifted it to you in the Dungeon)
  1260 | D        | Received a gift from Trog
  1268 | D        | Reached skill level 14 in Fighting
  1280 | D        | Killed an orc knight
  1285 | D        | Received a gift from Trog
  1286 | D        | Noticed an orc sorcerer
  1296 | D        | Killed an orc sorcerer
  1297 | D        | Reached skill level 10 in Armour
  1317 | D        | Noticed an orc sorcerer
  1317 | D        | Noticed an orc high priest
  1321 | D        | Killed an orc sorcerer
  1337 | D        | Noticed a stone giant
  1340 | D        | Killed an orc high priest
  1340 | D        | Identified the +9 quarterstaff "Zinwitukk" {heavy, rElec
                  | Dex+4} (Trog gifted it to you in the Dungeon)
  1340 | D        | Received a gift from Trog
  1341 | D        | Reached skill level 15 in Fighting
  1341 | D        | Noticed an orc knight
  1350 | D        | Noticed an orc knight
  1360 | D        | Killed a stone giant
  1369 | D        | Killed an orc knight
  1375 | D        | Killed an orc knight
  1385 | D        | Received a gift from Trog
  1386 | D        | Reached skill level 16 in Fighting
  1531 | D        | Found Wearph's Book Emporium.
  1531 | D        | Noticed a deep troll
  1531 | D        | Noticed a deep troll
  1531 | D        | Noticed an ogre mage
  1537 | D        | Killed a deep troll
  1539 | D        | Killed a deep troll
  1543 | D        | Paralysed by something for 4 turns
  1547 | D        | Noticed a deep troll
  1553 | D        | Killed an ogre mage
  1563 | D        | Killed a deep troll
  1563 | D        | Received a gift from Trog
  1564 | D        | Reached skill level 17 in Fighting
  1564 | D        | Reached XP level 12. HP: 60/114 MP: 12/12
  1581 | D        | Found Ofiulem's Antique Armour Shoppe.
  1585 | D        | Found Hufaosh's Distillery.
  1587 | D        | Found Qexik's Antique Armour Shoppe.
  1606 | D        | Noticed an ogre mage
  1620 | D        | Killed an ogre mage
  1624 | D        | HP: 8/172 [poisoned by an ogre mage]
  1628 | D        | HP: 2/116 [poisoned by an ogre mage]
  1652 | D        | Bought a scorched hat for 171 gold pieces
  1652 | D        | Identified the +1 hat of Honour {Rampage rN+ Str+2} (You
                  | bought it in a shop in the Dungeon)
  1662 | D        | Bought a pair of embroidered gloves for 142 gold pieces
  1843 | D        | Bought a runed cloak for 172 gold pieces
  1881 | D        | Noticed Gastronok
  1894 | D        | Killed Gastronok
  1895 | D        | Reached skill level 18 in Fighting
  2039 | D        | Got the +3 pair of gloves "Eris" {rElec rPois Regen+}
  2090 | D        | Noticed a five-headed hydra
  2090 | D        | Noticed an ogre mage
  2096 | D        | Noticed a centaur warrior
  2099 | D        | Killed an eight-headed hydra
  2099 | D        | Received a gift from Trog
  2104 | D        | Noticed a vampire knight
  2108 | D        | Noticed a stone giant
  2110 | D        | Killed an ogre mage
  2111 | D        | Noticed a deep troll shaman
  2113 | D        | Killed a centaur warrior
  2113 | D        | Received a gift from Trog
  2113 | D        | Noticed a spark wasp
  2124 | D        | Killed a vampire knight
  2125 | D        | Reached skill level 19 in Fighting
  2129 | D        | Killed a stone giant
  2134 | D        | Noticed a stone giant
  2137 | D        | Killed a deep troll shaman
  2139 | D        | Killed a spark wasp
  2141 | D        | Noticed a green very ugly thing
  2144 | D        | Killed a stone giant
  2158 | D        | Killed a green very ugly thing
  2158 | D        | Received a gift from Trog
  2159 | D        | Gained mutation: Your touch may inflict irresistible damage
                  | on your foes. [demonic ancestry]
  2159 | D        | Reached XP level 13. HP: 107/127 MP: 13/13
  2328 | D        | Noticed Donald
  2344 | D        | Killed Donald
  2345 | D        | Reached skill level 20 in Fighting
  2490 | D        | Reached skill level 15 in Armour
  2495 | D        | Received a gift from Trog
  2529 | D        | Noticed an eleionoma
  2539 | D        | Killed an eleionoma
  2551 | D        | Identified the +3 great sword "Xugam" {flame, Dex+3} (Trog
                  | gifted it to you in the Dungeon)
  2551 | D        | Received a gift from Trog
  2553 | D        | Reached skill level 21 in Fighting
  2614 | D        | Noticed an emperor scorpion
  2627 | D        | Received a gift from Trog
  2632 | D        | Killed an emperor scorpion
  2640 | D        | Received a gift from Trog
  2764 | D        | Reached skill level 10 in Dodging
  2780 | D        | Reached skill level 22 in Fighting
  2792 | D        | Received a gift from Trog
  2853 | D        | Noticed Erolcha
  2857 | D        | Killed Erolcha
  2920 | D        | Noticed a vampire knight
  2920 | D        | Noticed a frost giant
  2920 | D        | Noticed a fire dragon
  2924 | D        | Noticed a brown very ugly thing
  2932 | D        | Killed a vampire knight
  2939 | D        | Killed a frost giant
  2945 | D        | Killed a brown very ugly thing
  2945 | D        | Received a gift from Trog
  2949 | D        | Reached XP level 14. HP: 121/141 MP: 14/14
  2959 | D        | Noticed a fire giant
  2978 | D        | Received a gift from Trog
  2985 | D        | Reached skill level 23 in Fighting
  2992 | D        | Killed a fire giant
  3199 | D        | Noticed a lich
  3201 | D        | Received a gift from Trog
  3204 | D        | Noticed a stone giant
  3210 | D        | Killed a lich
  3217 | D        | Received a gift from Trog
  3220 | D        | Killed a stone giant
  3474 | D        | Noticed an orc warlord
  3474 | D        | Noticed an ironbound preserver
  3474 | D        | Noticed a vault warden
  3484 | D        | Killed an ironbound preserver
  3485 | D        | Killed an orc warlord
  3486 | D        | Reached skill level 24 in Fighting
  3496 | D        | Killed a vault warden
  3499 | D        | Identified the +1 quarterstaff "Goetiv" {flame, Fragile
                  | Dex+5 Stlth+} (Trog gifted it to you in the Dungeon)
  3499 | D        | Received a gift from Trog
  3502 | D        | Noticed a purple very ugly thing
  3505 | D        | Noticed an ironbound preserver
  3506 | D        | Received a gift from Trog
  3517 | D        | Noticed an ironbound preserver
  3522 | D        | Killed a purple very ugly thing
  3525 | D        | Noticed an ironbound preserver
  3534 | D        | Slain by a yaktaur captain

Illustrated notes

Levels and vault maps discovered:
D:        linesprint [early_d, line_temple, items_1, d_10, items_2, lair_1,
          lair_end, items_3, orc_1, orc_end, items_4, d_15, swamp_1, shoals_1,
          snake_1, spider_1, d_20, vaults_1, items_5, swamp_end, shoals_end,
          snake_end, spider_end, vaults_end, d_27, items_6, zot_1, zot_end,
          crypt_end, forest_end, elf_end, slime_end, tomb_end, abyss_end,
          pan_hell_end]

Skill      XL: |  1  2  3  4  5  6  7  8  9 10 11 12 13 14 |
---------------+-------------------------------------------+-----
Staves         | 5 6 9 11 13 15 16 18 19 20 22 | 22.3
Dodging        | 4 6 7 8 9 10 | 10.1
Throwing       | 2 3 4 |  4.8
Fighting       | 3 4 5 6 7 9 11 13 17 19 22 24 | 24.6
Armour         | 2 3 4 6 9 11 14 17 18 | 18.7
Stealth        | 1 2 3 |  3.3

Action                     |  1- 3 |  4- 6 |  7- 9 | 10-12 | 13-15 || total
---------------------------+-------+-------+-------+-------+-------++-------
  Melee: Quarterstaff      |    27 |     8 |       |       |   279 ||   314
         Lajatang          |       |    18 |    72 |   307 |       ||   397
 Invoke: Berserk           |       |       |     3 |     6 |     7 ||    16
         Brothers in Arms  |       |       |       |     2 |     1 ||     3
         Trog's Hand       |       |       |       |     1 |       ||     1
    Use: Potion            |     1 |       |     1 |     4 |     3 ||     9
         Scroll            |       |       |     4 |     4 |       ||     8
   Stab: Distracted        |       |       |       |     1 |       ||     1
 Armour: Leather armour    |     6 |       |       |       |       ||     6
         Plate armour      |       |     7 |    30 |   130 |   175 ||   342
  Dodge: Dodged            |    12 |     7 |    15 |    93 |   118 ||   245
